 Dungeon Crawl Stone Soup version 0.29.0-13-gc9e81de378 (webtiles) character file.

Game seed: 9546581879785986697

163 ImASeal the Chopper (level 5, -5/53 HPs)
             Began as a Troll Berserker on Sept 8, 2022.
             Was a Believer of Trog.
             Killed from afar by Sigmund (9 damage)
             ... with a puff of flame
             ... on level 2 of the Dungeon.
             The game lasted 00:04:20 (1897 turns).

ImASeal the Chopper (Troll Berserker)               Turns: 1897, Time: 00:04:25

Health: -5/53      AC:  4    Str: 27    XL:     5   Next: 20%
Magic:  4/4        EV: 10    Int:  3    God:    Trog [**....]
Gold:   135        SH:  0    Dex:  9    Spells: 4/4 levels left

rFire   x . .      SeeInvis .   a - +0 hand axe
rCold   + . .      Faith    .   (no shield)
rNeg    . . .      Spirit   .   b - +0 animal skin
rPois   .          Reflect  .   (helmet restricted)
rElec   .          Harm     .   (no cloak)
rCorr   .          Rampage  .   (gloves unavailable)
Will    .....                   (boots unavailable)
Stlth   +.........              (no amulet)
HPRegen 0.97/turn               e - ring of ice
MPRegen 0.09/turn               (no ring)

@: confused, lethally poisoned (-5 -> -8), attractive
A: large, unfitting armour, claws 3, regeneration 1, shaggy fur 1, tough skin 1
a: Renounce Religion, Berserk, Trog's Hand


You were on level 2 of the Dungeon.
You worshipped Trog.
Trog was pleased with you.
You visited 1 branch of the dungeon, and saw 3 of its levels.

You collected 135 gold pieces.

Inventory:

Hand Weapons
 a - a +0 hand axe (weapon)
Missiles
 u - 12 stones (quivered)
Armour
 b - a +0 animal skin (worn)
 k - a +1 pair of gloves
Jewellery
 e - a ring of ice (left claw)
Scrolls
 c - 3 scrolls of teleportation {unknown}
 d - a scroll of noise {unknown}
 f - 2 scrolls of magic mapping {unknown}
 g - 3 scrolls of enchant armour {unknown}
 h - 4 scrolls of identify {unknown}
 l - a scroll of poison {unknown}
 p - a scroll of amnesia {unknown}
 s - a scroll of summoning {unknown}
 t - a scroll of immolation
 v - a scroll of blinking {unknown}
Potions
 i - a potion of lignification {unknown}
 m - a potion of resistance {unknown}
 n - a potion of haste {unknown}
 o - 2 potions of heal wounds {unknown}
 q - 2 potions of curing {unknown}
 r - a potion of invisibility {unknown}


   Skills:
 + Level 3.4 Fighting
 * Level 4.3 Axes
 - Level 2.4 Dodging


You had 4 spell levels left.
You didn't know any spells.
Your spell library was empty.

Dungeon Overview and Level Annotations

Branches:
Dungeon (3/15)

Altars:

Annotations:
D:2 Sigmund


Innate Abilities, Weirdness & Mutations

You are too large for most types of armour.
You have claws for hands.
Your natural rate of healing is unusually fast.
You are covered in fur. (AC +1)
You have tough skin. (AC +1)


Message History

Sigmund shouts!
Sigmund mumbles some strange words.
Sigmund flickers and vanishes!
Deactivating autopickup; reactivate with Ctrl-A.
A puff of flame appears from out of thin air!
The puff of flame hits you! The fire burns you terribly!
Something hits you but does no damage.
You are poisoned.
You feel very sick.
You slash something!
You feel sick. Something hits you.
You hit something.
You feel sick. Something hits you but does no damage.
You are more poisoned.
You miss something.
You feel very sick.
You hit something.
You feel very sick.
You hear some strange, mumbled words.
You are confused.
Something hits you!
You are more poisoned.
You barely miss something.
You feel very sick.
You miss something.
You feel very sick.
You hear some strange, mumbled words.
You are more confused.
You're too confused to move!
You feel sick. Something hits you.
You are more poisoned.
You feel very sick. Something hits you!
* * * LOW HITPOINT WARNING * * *
* * * LOW HITPOINT WARNING * * *
You feel very sick.
It was a potion of attraction.
You feel attractive to monsters.
* * * LOW HITPOINT WARNING * * *
You feel very sick.
A puff of flame appears from out of thin air!
The puff of flame hits you! The fire burns you terribly!
You die...

#.#.##..[############....# #...
..#>......^...†....##....# #...
#######...#########'##....###...
#....# #................ #..#.#
#......#...#..... ... #
#....#.......#... #.#..
#..............##
#.....####.....#...#.#..##
......{..@#.......#..#..##
.....####.#...).÷_....#..# #..
#......)..#......# +
........÷.#........#
###.#......#...##..#
#.#..#..#.##..#..#
#.....#..+.#.#..+#
###...............
#####......##...


There were no monsters in sight!

Vanquished Creatures
  A phantom (D:3)
  2 adders (D:3)
  A gnoll (D:1)
  A worm (D:2)
  2 dart slugs (D:3)
  6 endoplasms
  2 giant cockroaches
  4 goblins
  7 hobgoblins
  5 kobolds
  A quokka (D:1)
  6 ball pythons
  6 bats
  9 frilled lizards
  6 rats
59 creatures vanquished.

Notes
Turn   | Place    | Note
-------+----------+-------------------------------------------
     0 | D:1      | ImASeal the Troll Berserker began the quest for the Orb.
     0 | D:1      | Reached XP level 1. HP: 22/22 MP: 0/0
   235 | D:1      | Reached XP level 2. HP: 8/29 MP: 1/1
   298 | D:1      | Reached skill level 3 in Axes
   639 | D:2      | Noticed a phantom
   640 | D:2      | Noticed Sigmund
   711 | D:3      | Killed a phantom
   712 | D:3      | Reached XP level 3. HP: 5/37 MP: 2/2
   712 | D:3      | Reached XP level 4. HP: 6/45 MP: 3/3
   846 | D:3      | Reached ** piety under Trog
   883 | D:3      | Reached skill level 4 in Axes
  1535 | D:2      | Reached XP level 5. HP: 52/53 MP: 4/4
  1543 | D:2      | Found a faded altar of an unknown god.
  1897 | D:2      | Killed from afar by Sigmund

Illustrated notes

Levels and vault maps discovered:
D:1:      zaba_arrival_water, layout_basic, minmay_fountain_box
D:2:      layout_basic, hellmonk_ecumenical_altar_blasted, minmay_surrounded,
          uniq_sigmund, uniq_robin
D:3:      layout_loops_ring

Skill      XL: |  1  2  3  4 |
---------------+-------------+-----
Axes           | 3 4 |  4.3
Fighting       | 3 |  3.4
Dodging        | |  2.4

Action                   |  1- 3 |  4- 6 || total
-------------------------+-------+-------++-------
Melee: Hand axe          |    91 |   136 ||   227
  Use: Potion            |     1 |     1 ||     2
 Stab: Sleeping          |     1 |       ||     1
Armor: Animal skin       |    25 |    52 ||    77
Dodge: Dodged            |    35 |    91 ||   126
